 Dungeon Crawl Stone Soup version 0.23.2-33-g5129a83184 (webtiles) character file.

Game seed: 17344121474728685212

54169 funkygono the Basher (level 14, -1/130 HPs)
             Began as a Minotaur Fighter on July 9, 2019.
             Was a High Priest of the Shining One.
             Slain by Saint Roka
             ... wielding a +2 long sword of slicing
              (7 damage)
             ... on level 2 of the Orcish Mines.
             The game lasted 00:54:41 (17697 turns).

funkygono the Basher (Minotaur Fighter)            Turns: 17697, Time: 00:54:41

Health: -1/130     AC: 17    Str: 28    XL:     14   Next: 33%
Magic:  12/17      EV: 12    Int:  5    God:    the Shining One [*****.]
Gold:   1449       SH:  6    Dex: 13    Spells: 13/13 levels left

rFire    + . .     SeeInvis .   a - +6 flail (venom)
rCold    + . .     Gourm    .   o - +0 buckler {rPois}
rNeg     + + .     Faith    .   D - +0 chain mail
rPois    +         Spirit   .   (helmet restricted)
rElec    .         Reflect  .   y - +1 cloak
rCorr    .         Harm     .   w - +1 pair of gloves
MR       +....                  (no boots)
Stlth    ..........             (no amulet)
HPRegen  0.31/turn              r - ring of protection from cold
MPRegen  0.15/turn              s - ring of protection from fire

@: mighty, glowing
A: retaliatory headbutt, horns 2
a: Divine Shield, Cleansing Flame, Summon Divine Warrior, Renounce Religion


You were on level 2 of the Orcish Mines.
You worshipped the Shining One.
The Shining One was extremely pleased with you.
You were not hungry.

You visited 4 branches of the dungeon, and saw 19 of its levels.

You collected 1449 gold pieces.

Inventory:

Hand Weapons
 a - a +6 flail of venom (weapon)
 b - the +6 hunting sling "Sismal" {venom, rElec rPois Str-3 SInv}
   (You found it on level 9 of the Dungeon)

   It poisons the ammo it fires.
   It affects your strength (-3).
   It insulates you from electricity.
   It protects you from poison.
   It lets you see invisible.
Missiles
 m - 439 stones (quivered)
 I - 86 bolts
Armour
 o - a +0 buckler of poison resistance (worn)
 w - a +1 pair of gloves (worn)
 y - a +1 cloak (worn)
 D - a +0 chain mail (worn)
 R - +0 steam dragon scales
Magical Staves
 k - an uncursed staff of power
Jewellery
 r - a ring of protection from cold (left hand)
 s - a ring of protection from fire (right hand)
 t - an uncursed ring of protection from cold
 G - an uncursed ring of protection from fire
 K - an uncursed ring of poison resistance
Wands
 g - a wand of paralysis (4)
 h - a wand of acid (9)
 j - a wand of iceblast (22)
 A - a wand of scattershot (6)
 E - a wand of flame (29)
 F - a wand of enslavement (6)
 O - a wand of digging (13)
Scrolls
 c - a scroll of fog
 i - 4 scrolls of identify
 p - 7 scrolls of amnesia
 q - 4 scrolls of magic mapping
 H - 5 scrolls of remove curse
 J - a scroll of holy word
 L - 2 scrolls of fear
 T - 8 scrolls of teleportation
 U - 4 scrolls of blinking
Potions
 e - 2 potions of ambrosia
 l - 4 potions of heal wounds
 n - 6 potions of curing
 u - 4 potions of mutation
 v - 4 potions of lignification
 x - 3 potions of brilliance
 z - 2 potions of agility
 B - 2 potions of cancellation
 C - 2 potions of haste
 M - a potion of invisibility
 P - 2 potions of berserk rage
 Q - 3 potions of flight
Miscellaneous
 V - a phial of floods
Comestibles
 f - 26 rations
 S - 11 chunks of flesh


   Skills:
 + Level 13.7 Fighting
 + Level 14.9 Maces & Flails
 + Level 12.3(12.4) Slings
 + Level 0.6(7.3) Throwing
 + Level 12.8 Armour
 + Level 5.5 Dodging
 + Level 2.0 Stealth
 + Level 9.3 Shields
 * Level 5.3 Invocations


You had 13 spell levels left.
You didn't know any spells.
Your spell library contained the following spells:

 Spells                   Type           Power        Failure   Level  Hunger
 Freeze                   Ice            #...         90%         1    ##.....
 Summon Small Mammal      Summ           #...         90%         1    ##.....
 Call Imp                 Summ           #.......     97%         2    ###....
 Throw Frost              Conj/Ice       #.....       97%         2    ###....
 Call Canine Familiar     Summ           #.......     99%         3    ####...
 Ozocubu's Armour         Chrm/Ice       #.......     99%         3    ####...
 Summon Guardian Golem    Hex/Summ       #.......     99%         3    ####...
 Ice Form                 Ice/Tmut       #.......     100%        4    #####..
 Summon Ice Beast         Ice/Summ       #.......     100%        4    #####..
 Summon Lightning Spire   Summ/Air       #.......     100%        4    #####..
 Throw Icicle             Conj/Ice       #.......     100%        4    #####..
 Metabolic Englaciation   Hex/Ice        #.........   100%        5    ######.
 Bolt of Cold             Conj/Ice       #.........   100%        6    #######
 Freezing Cloud           Conj/Ice/Air   #.........   100%        6    #######
 Ozocubu's Refrigeration  Ice            #.........   100%        6    #######
 Simulacrum               Ice/Necr       #.........   100%        6    #######


Dungeon Overview and Level Annotations

Branches:
Dungeon (10/15)            Temple (1/1) D:4            Lair (6/6) D:9
 Shoals (0/4) Lair:2       Spider (0/4) Lair:3        Slime (0/5) Lair:5
    Orc (2/2) D:10
    Elf: Orc:2

Altars:
Ashenzari
Cheibriados
Dithmenos
Elyvilon
Fedhas
Gozag
Hepliaklqana
Kikubaaqudgha
Makhleb
Nemelex Xobeh
Okawaru
Qazlal
Ru
Sif Muna
Trog
Uskayaw
Vehumet
Wu Jian
Xom
Yredelemnul
Zin
The Shining One
Jiyva

Shops:
Orc:2 *

Annotations:
Orc:2 Saint Roka


Innate Abilities, Weirdness & Mutations

You reflexively headbutt those who attack you in melee.
You have a pair of horns on your head.


Message History

You kill the orc warrior!
You feel somewhat more hungry.
You hear a shout! x2
The orc warrior hits you but does no damage.
Okay, then.
You bludgeon the orc warrior!!
You kill the orc warrior!
You hit the orc.
The orc is poisoned.
Your headbutt misses the orc.
The orc is almost dead.
You kill the orc!
You bludgeon the orc!!
You kill the orc!
Saint Roka calls down the wrath of Beogh upon you.
Beogh smites you!
* * * LOW HITPOINT WARNING * * *
Items here: )))))) [[[ † You hit Saint Roka.
Your headbutt misses Saint Roka.
Saint Roka is lightly wounded.
Saint Roka hits you with a +2 long sword of slicing!
You die...

.....................$......#
..........<.....)...........#
.........).................##
............................#
......†.[......#...........##
#......)...................#
##.....(.................
#.....$(...)o...........
#.......(..#@#..........
##.......(.##..........
..........(..........
.....................
......#.............
.####........#... #....##....
.# ##... ..... . ###. .##.#.


You could see Saint Roka.

Vanquished Creatures
  Rupert (Lair:4)
  Kirke (Lair:4)
  Snorg (Lair:5)
  A fire dragon (Lair:6)
  Erolcha (D:10)
  6 hydras
  2 two-headed ogres (D:10)
  5 death yaks (D:9)
  Nergalle (Lair:4)
  Pikel (D:7)
  A lindwurm (Lair:6)
  A wolf spider zombie (D:8)
  An oklob plant (Lair:6)
  An ugly thing (D:9)
  A manticore (Lair:2)
  10 elephants
  2 black mambas
  A centaur zombie (D:10)
  3 molten gargoyles (Lair:6)
  11 spiny frogs
  Psyche (D:9)
  Joseph (D:7)
  A gargoyle (D:10)
  18 komodo dragons
  A rime drake (Lair:3)
  21 blink frogs
  4 trolls
  Grinder (D:6)
  A meliai zombie (D:10)
  9 hippogriffs
  A wyvern (Lair:1)
  2 hogs (Lair:4)
  11 yaks
  3 basilisks
  A hungry ghost (D:8)
  3 steam dragons
  4 wargs (Orc:2)
  2 soldier ants (D:9)
  5 porcupines
  9 water moccasins
  4 slaves (D:7)
  6 hell hounds
  20 orc warriors
  A sky beast (D:9)
  A necrophage (D:9)
  5 ice beasts
  An eye of draining (D:10)
  5 phantoms
  8 ogres
  32 wolves
  7 centaurs
  A big kobold (D:9)
  8 crocodiles
  6 bullfrogs
  A water moccasin zombie (D:10)
  4 scorpions
  16 killer bees
  3 howler monkeys (D:7)
  4 crimson imps
  3 hounds
  5 lava snakes (Lair:6)
  13 orc wizards
  13 orc priests
  3 jellies
  7 bullfrog skeletons
  3 centaur skeletons
  3 iguanas
  3 worker ants
  A hound zombie (D:5)
  A hound skeleton (D:8)
  A worker ant zombie (D:5)
  4 gnolls (D:3)
  6 adders
  2 shadow imps
  3 oozes
  An adder zombie (D:10)
  3 worms
  2 dart slugs
  4 leopard geckos
  64 orcs
  2 giant cockroaches
  7 goblins
  3 hobgoblins
  11 jackals
  4 quokkas
  5 bats
  6 frilled lizards
  A giant cockroach zombie (D:5)
  4 kobolds
  A leopard gecko skeleton (D:4)
  A quokka skeleton (D:6)
  4 rats
  A fungus (Lair:5)
479 creatures vanquished.

Vanquished Creatures (others)
  2 humans (Lair:5)
  A bat (D:3)
  3 fungi
  A plant (Lair:2)
7 creatures vanquished.

Grand Total: 486 creatures vanquished

Notes
Turn   | Place    | Note
-------+----------+-------------------------------------------
     0 | D:1      | funkygono the Minotaur Fighter began the quest for the Orb.
     0 | D:1      | Reached XP level 1. HP: 19/19 MP: 0/0
   770 | D:2      | Reached XP level 2. HP: 27/27 MP: 1/1
   910 | D:2      | Reached XP level 3. HP: 33/33 MP: 2/2
  1036 | D:2      | Found a glowing silver altar of Zin.
  1044 | D:2      | Found an ancient bone altar of Kikubaaqudgha.
  1133 | D:3      | Reached skill level 3 in Maces & Flails
  1133 | D:3      | Reached XP level 4. HP: 30/41 MP: 3/3
  1317 | D:3      | Found a white marble altar of Elyvilon.
  2088 | D:4      | Noticed an ogre
  2096 | D:4      | Killed an ogre
  2096 | D:4      | Reached skill level 4 in Maces & Flails
  2096 | D:4      | Reached XP level 5. HP: 47/47 MP: 4/4
  2134 | D:4      | Found a staircase to the Ecumenical Temple.
  2147 | D:4      | Reached skill level 1 in Dodging
  2153 | Temple   | Entered the Ecumenical Temple
  2166 | Temple   | Became a worshipper of the Shining One
  2305 | D:4      | Reached XP level 6. HP: 50/53 MP: 5/5
  2320 | D:4      | Reached skill level 5 in Armour
  2395 | D:4      | Reached skill level 5 in Maces & Flails
  2467 | D:5      | Entered Level 5 of the Dungeon
  2655 | D:5      | Reached skill level 5 in Shields
  2759 | D:5      | Reached skill level 5 in Fighting
  2816 | D:5      | Reached XP level 7. HP: 39/61 MP: 6/6
  2819 | D:5      | Reached skill level 6 in Maces & Flails
  2920 | D:5      | Reached * piety under the Shining One
  3302 | D:6      | Found an iron altar of Okawaru.
  3510 | D:6      | Noticed Grinder
  3522 | D:6      | Reached skill level 7 in Maces & Flails
  3535 | D:6      | Killed Grinder
  3535 | D:6      | Reached skill level 8 in Maces & Flails
  3535 | D:6      | Reached skill level 1 in Stealth
  3535 | D:6      | Reached XP level 8. HP: 56/70 MP: 7/7
  4133 | D:6      | Reached ** piety under the Shining One
  4413 | D:7      | Noticed Joseph
  4422 | D:7      | Killed Joseph
  4422 | D:7      | Reached skill level 9 in Maces & Flails
  4430 | D:7      | Found a snail-covered altar of Cheibriados.
  4459 | D:7      | Found a blossoming altar of Fedhas.
  4478 | D:7      | Reached XP level 9. HP: 65/78 MP: 8/8
  4487 | D:7      | Reached skill level 10 in Maces & Flails
  4619 | D:7      | Found a burning altar of Makhleb.
  4774 | D:7      | Noticed Pikel
  4787 | D:7      | Killed Pikel
  5111 | D:8      | Found a shattered altar of Ashenzari.
  5157 | D:8      | Reached skill level 11 in Maces & Flails
  5427 | D:8      | Found an opulent altar of Gozag.
  5433 | D:8      | Reached XP level 10. HP: 84/88 MP: 9/9
  6023 | D:9      | Noticed a brown ugly thing
  6040 | D:9      | Killed a brown ugly thing
  6064 | D:9      | Reached *** piety under the Shining One
  6421 | D:9      | Got a twisted hunting sling
  6422 | D:9      | Identified the +6 hunting sling "Sismal" {venom, rElec
                  | rPois Str-3 SInv} (You found it on level 9 of the Dungeon)
  6456 | D:9      | Reached skill level 12 in Maces & Flails
  6539 | D:9      | Reached skill level 1 in Slings
  6623 | D:9      | Noticed a death yak
  6623 | D:9      | Noticed a death yak
  6626 | D:9      | Noticed a death yak
  6632 | D:9      | Noticed a death yak
  6646 | D:9      | Noticed a death yak
  6660 | D:9      | Killed a death yak
  6670 | D:9      | Killed a death yak
  6673 | D:9      | HP: 2/91 [death yak (15)]
  6680 | D:9      | Killed a death yak
  6680 | D:9      | Reached skill level 10 in Armour
  6680 | D:9      | Reached XP level 11. HP: 22/97 MP: 6/10
  6685 | D:9      | Killed a death yak
  6688 | D:9      | HP: 3/97 [death yak (14)]
  6690 | D:9      | Killed a death yak
  7075 | D:9      | Found a staircase to the Lair.
  7100 | D:9      | Noticed Psyche
  7109 | D:9      | Killed Psyche
  7548 | D:10     | Entered Level 10 of the Dungeon
  7588 | D:10     | Reached skill level 13 in Maces & Flails
  7591 | D:10     | Reached skill level 5 in Slings
  7623 | D:10     | Reached skill level 10 in Fighting
  7643 | D:10     | Noticed Erolcha
  7684 | D:10     | Killed Erolcha
  7800 | D:10     | Reached **** piety under the Shining One
  8092 | D:10     | Noticed a two-headed ogre
  8104 | D:10     | Killed a two-headed ogre
  8441 | D:10     | Noticed a two-headed ogre
  8458 | D:10     | Killed a two-headed ogre
  8962 | D:10     | Found a staircase to the Orcish Mines.
  9095 | Lair:1   | Entered Level 1 of the Lair of Beasts
  9208 | Lair:1   | Reached XP level 12. HP: 78/108 MP: 11/11
  9413 | Lair:1   | Noticed a six-headed hydra
  9421 | Lair:1   | Killed a six-headed hydra
 10258 | Lair:2   | Noticed a four-headed hydra
 10266 | Lair:2   | Killed a four-headed hydra
 10349 | Lair:2   | Found a staircase to the Shoals.
 10522 | Lair:2   | Noticed an eight-headed hydra
 10533 | Lair:2   | Reached skill level 10 in Slings
 10547 | Lair:2   | Killed an eight-headed hydra
 10564 | Lair:2   | Noticed a seven-headed hydra
 10576 | Lair:2   | Killed a seven-headed hydra
 10576 | Lair:2   | Reached skill level 14 in Maces & Flails
 11794 | Lair:3   | Found a dark tunnel.
 12096 | Lair:3   | Found a hole to the Spider Nest.
 12359 | Lair:4   | Noticed Rupert
 12365 | Lair:4   | Paralysed by Rupert for 5 turns
 12375 | Lair:4   | Killed Rupert
 12375 | Lair:4   | Reached skill level 5 in Dodging
 12375 | Lair:4   | Reached skill level 1 in Invocations
 12375 | Lair:4   | Reached XP level 13. HP: 93/118 MP: 11/13
 12426 | Lair:4   | Noticed Nergalle
 12441 | Lair:4   | Killed Nergalle
 12685 | Lair:4   | Reached ***** piety under the Shining One
 13843 | Lair:5   | Noticed Kirke
 14103 | Lair:4   | Killed Kirke
 14368 | Lair:5   | Noticed Snorg
 14380 | Lair:5   | Killed Snorg
 15016 | Lair:5   | Found a runed translucent door.
 15018 | Lair:5   | Found a viscous altar of Jiyva.
 15020 | Lair:5   | Found a staircase to the Slime Pits.
 15199 | Lair:6   | Entered Level 6 of the Lair of Beasts
 15506 | Lair:6   | Reached XP level 14. HP: 97/129 MP: 16/16
 15943 | Lair:6   | Reached skill level 5 in Invocations
 16244 | Lair:6   | Found a large runed translucent door.
 16244 | Lair:6   | Found a large runed translucent door.
 16700 | Lair:6   | Found a glowing silver altar of Zin.
 17171 | Orc:1    | Entered Level 1 of the Orcish Mines
 17368 | Orc:2    | Entered Level 2 of the Orcish Mines
 17414 | Orc:2    | Found Xaotawia's General Store.
 17660 | Orc:2    | Noticed Saint Roka
 17691 | Orc:2    | The Shining One protects you from harm!
 17696 | Orc:2    | HP: 6/130 [Saint Roka/divine providence (14)]
 17697 | Orc:2    | Slain by Saint Roka

Skill      XL: |  1  2  3  4  5  6  7  8  9 10 11 12 13 14 |
---------------+-------------------------------------------+-----
Armour         | 4 5 6 8 10 11 12 | 12.8
Fighting       | 4 5 6 7 9 10 12 13 | 13.7
Shields        | 4 5 6 7 8 9 |  9.3
Maces & Flails | 3 4 5 8 9 11 12 13 14 | 14.9
Dodging        | 1 2 3 4 5 |  5.5
Stealth        | 1 2 |  2.0
Slings         | 4 7 10 11 12 | 12.3
Invocations    | 1 4 5 |  5.3
Throwing       | |  0.6

Action                   |  1- 3 |  4- 6 |  7- 9 | 10-12 | 13-15 || total
-------------------------+-------+-------+-------+-------+-------++-------
Melee: Flail             |    35 |    63 |   255 |   419 |   315 ||  1087
       Headbutt          |     3 |     9 |    43 |   101 |    79 ||   235
       Mace              |     8 |    41 |       |       |       ||    49
       Unarmed           |       |       |       |       |    17 ||    17
 Fire: Hunting sling     |       |       |       |   279 |   346 ||   625
Throw: Stone             |       |       |       |     1 |     3 ||     4
Invok: Divine Shield     |       |       |       |     1 |       ||     1
       Cleansing Flame   |       |       |       |       |     2 ||     2
  Use: Scroll            |     9 |     3 |     9 |     9 |     5 ||    35
       Potion            |       |       |     1 |     3 |     1 ||     5
  Eat: Chunk             |     1 |     5 |     9 |    18 |    11 ||    44
       Ration            |       |       |       |     2 |     1 ||     3
Armor: Scale mail        |    21 |    45 |       |       |       ||    66
       Chain mail        |       |     3 |   122 |   149 |   110 ||   384
Dodge: Dodged            |    26 |    61 |    82 |   135 |   125 ||   429
Block: Shield            |     7 |       |       |       |       ||     7
       Buckler           |     4 |    19 |    58 |    89 |    58 ||   228
